Map: Acid Plant LE

Players

Nerchio

  • Race: Zerg Zerg
  • Spawn Location: 5:00

Classic - Winner!

  • Race: Protoss Protoss
  • Spawn Location: 11:00

Event: 2018 WCS Global Finals

VOD

Have the link to the VOD?

Description

Time

  • Played on: Oct. 27, 2018, 1:30 p.m.
  • Length: 13:42

All games in this series

Show
View Real Time Build Order
Export as new Build Order

Nerchio Zerg 

Build Orders: Hatch First, Swarm Host 

Get SALT Encoding   

  12  0:00  Drone  
  13  0:12  Overlord  
  13  0:17  Drone  
  14  0:30  Drone x2  
  16  0:48  Hatchery  
  15  0:51  Drone  
  15  0:54  Drone  
  17  0:58  Drone  
  18  1:08  Extractor  
  17  1:13  Spawning Pool  
  17  1:17  Drone  
  17  1:20  Drone  
  18  1:27  Drone  
  19  1:38  Overlord  
  19  1:49  Drone  
  20  2:00  Queen x2  
  24  2:02  Zergling x2  
  24  2:04  Zergling x2  
  26  2:10  Metabolic Boost  
  26  2:14  Drone  
  27  2:17  Drone  
  27  2:21  Drone  
  30  2:22  Drone  
  30  2:41  Drone, Hatchery  
  30  2:44  Drone  
  30  2:46  Drone  
  32  2:53  Queen  
  32  2:58  Overlord  
  34  3:01  Drone  
  34  3:03  Drone  
  36  3:16  Drone x4, Overlord  
  36  3:18  Drone  
  41  3:20  Drone  
  41  3:22  Drone  
  41  3:26  Overlord  
  43  3:28  Drone  
  43  3:33  Queen  
  46  3:37  Overlord  
  46  3:43  Overlord  
  46  3:47  Lair  
  46  3:48  Drone  
  46  3:51  Spore Crawler  
  46  3:53  Drone  
  46  3:55  Drone  
  48  3:56  Drone  
  48  3:57  Drone  
  48  3:59  Drone  
  48  4:01  Drone  
  52  4:03  Drone  
  52  4:04  Extractor  
  52  4:07  Drone x2  
  52  4:08  Drone  
  55  4:14  Spore Crawler  
  55  4:16  Queen  
  56  4:20  Extractor  
  56  4:22  Baneling Nest  
  54  4:26  Drone x2, Extractor  
  54  4:28  Overlord  
  55  4:31  Drone  
  55  4:32  Drone  
  55  4:34  Drone x2  
  55  4:38  Spore Crawler  
  58  4:39  Drone  
  59  4:49  Hydralisk Den  
  59  4:51  Drone x3  
  61  4:56  Drone  
  61  4:57  Drone x2, Zergling x2  
  61  4:58  Zergling x4  
  66  5:05  Zergling x8  
  70  5:07  Zergling x2  
  70  5:08  Zergling x2  
  70  5:11  Zergling x4  
  70  5:14  Overlord  
  74  5:17  Overlord  
  74  5:27  Hydralisk x2  
  74  5:28  Hydralisk x2  
  78  5:32  Hydralisk  
  84  5:36  Hydralisk x2  
  84  5:39  Hydralisk  
  90  5:44  Hydralisk  
  90  5:45  Hydralisk  
  94  5:54  Drone x5  
  98  5:58  Overlord x2  
  98  6:03  Muscular Augments  
  98  6:05  Evolution Chamber  
  98  6:08  Overlord  
  98  6:10  Overseer  
  97  6:16  Baneling x2  
  97  6:17  Baneling  
  98  6:18  Drone x2  
  98  6:19  Drone x2  
  98  6:20  Drone  
  98  6:21  Hydralisk x2  
  98  6:22  Extractor  
  98  6:25  Hydralisk x2  
  105  6:29  Hydralisk  
  105  6:32  Hydralisk  
  110  6:36  Baneling x4  
  112  6:40  Hydralisk x2  
  112  6:41  Overlord  
  112  6:46  Overlord  
  116  6:49  Zergling x2  
  116  6:50  Zergling x10  
  122  6:59  Overlord  
  122  7:02  Extractor  
  122  7:03  Zerg Melee Weapons Level 1  
  122  7:05  Drone x6  
  122  7:06  Drone  
  122  7:08  Drone  
  128  7:09  Drone  
  128  7:10  Drone  
  128  7:11  Drone  
  128  7:14  Centrifical Hooks, Grooved Spines  
  131  7:26  Drone x2  
  131  7:27  Drone x3  
  131  7:28  Drone  
  136  7:32  Hatchery, Infestation Pit  
  136  7:34  Drone x3  
  137  7:39  Overlord  
  137  7:40  Overlord  
  137  7:42  Overlord  
  137  7:43  Overlord  
  137  7:45  Pneumatized Carapace  
  137  7:49  Drone x3  
  140  8:10  Swarm Host  
  140  8:11  Swarm Host x7  
  164  8:15  Swarm Host  
  164  8:17  Extractor  
  166  8:31  Zergling x16  
  173  8:49  Hatchery  
  172  8:56  Baneling x19, Zergling x2  
  172  8:57  Zergling x20  
  183  9:05  Baneling x13  
  180  9:19  Hydralisk  
  180  9:20  Hydralisk x2  
  180  9:28  Hydralisk  
  171  9:32  Hydralisk  
  171  9:35  Hydralisk  
  171  9:36  Hydralisk x6  
  171  9:37  Hydralisk  
  170  9:38  Zergling x2  
  170  9:39  Zergling x2  
  170  9:41  Hydralisk  
  170  9:44  Hydralisk  
  161  9:47  Hydralisk  
  161  9:49  Drone x3  
  161  9:55  Drone x2  
  161  9:58  Queen x2  
  165  10:04  Hydralisk x3  
  155  10:16  Hydralisk x2  
  151  10:21  Hydralisk  
  151  10:24  Hydralisk  
  151  10:27  Hatchery x2  
  153  10:29  Drone x2  
  153  10:31  Hydralisk  
  153  10:33  Zergling x2  
  158  10:36  Zergling x2  
  159  10:43  Zergling x2, Queen  
  159  10:45  Zergling x2  
  159  10:46  Spore Crawler  
  159  10:47  Spine Crawler  
  159  10:49  Zergling x2  
  162  10:54  Lair  
  162  10:56  Zergling x2  
  162  10:57  Zergling x2  
  164  11:03  Zergling x2  
  165  11:06  Hatchery  
  165  11:11  Zergling x12  
  165  11:15  Overlord x4  
  170  11:30  Zergling x2  
  170  11:31  Zergling x4  
  160  11:33  Zergling x2  
  160  11:36  Zergling x4  
  160  11:38  Baneling x6  
  163  11:40  Zergling x14  
  163  11:41  Baneling  
  163  11:42  Baneling x9  
  163  11:46  Swarm Host  
  173  11:48  Swarm Host  
  173  11:52  Swarm Host  
  182  11:57  Swarm Host  
  182  11:59  Overseer  
  180  12:04  Hatchery  
  180  12:05  Swarm Host x4  
  180  12:08  Zergling x2  
  190  12:09  Hydralisk  
  190  12:12  Zergling x4  
  190  12:15  Hydralisk  
  193  12:20  Hydralisk x2  
  189  12:23  Hydralisk  
  189  12:24  Hydralisk  
  189  12:26  Zergling x2  
  189  12:27  Zergling x2  
  189  12:29  Zergling x2  
  191  12:30  Zergling x2  
  191  12:31  Baneling x3  
  191  12:32  Zergling x2  
  191  12:34  Baneling x3  
  189  12:37  Zergling x4  
  189  12:42  Zergling x8  
  189  12:46  Hydralisk  
  189  12:49  Hydralisk  
  189  12:51  Hydralisk  
  181  12:54  Zergling x2  
  181  12:55  Zergling x2  
  181  12:56  Zergling x2  
  173  13:00  Hydralisk  
  158  13:07  Hydralisk x2  
  158  13:11  Zergling x2  
  140  13:14  Zergling x4  
  122  13:20  Zergling x2  
  122  13:21  Zergling x4  
  122  13:22  Zergling x2  
Show
View Real Time Build Order
Export as new Build Order

Classic Protoss - Winner!

Build Orders: 1 Gate Expand, Oracle Opening, Phoenix Opening, Archon Immortal, Zealot Archon, Archon Drop 

Get SALT Encoding   

  12  0:00  Probe  
  13  0:12  Probe  
  14  0:18  Pylon  
  14  0:24  Probe  
  15  0:32  Probe  
  15  0:38  Gateway  
  15  0:40  Probe  
  16  0:47  Assimilator  
  17  0:51  Probe  
  18  1:03  Probe  
  19  1:15  Probe  
  20  1:24  Nexus  
  20  1:28  Probe  
  21  1:38  Cybernetics Core  
  21  1:41  Probe  
  22  1:48  Assimilator  
  22  1:52  Pylon  
  22  1:55  Probe  
  23  2:05  Adept  
  23  2:10  Probe  
  26  2:18  Stargate  
  26  2:23  Probe  
  26  2:26  Warp Gate  
  27  2:31  Adept, Probe  
  27  2:33  Probe  
  31  2:40  Probe  
  31  2:41  Probe  
  32  2:49  Probe  
  32  2:51  Probe  
  33  2:56  Phoenix  
  35  3:01  Probe  
  35  3:03  Probe  
  39  3:13  Probe, Gateway  
  39  3:15  Probe  
  39  3:17  Oracle  
  41  3:23  Pylon  
  41  3:25  Probe  
  45  3:27  Probe  
  45  3:29  Assimilator  
  45  3:33  Assimilator  
  46  3:39  Probe  
  46  3:41  Probe  
  48  3:44  Robotics Facility  
  48  3:47  Probe  
  48  3:53  Probe  
  48  3:54  Twilight Council  
  48  3:55  Probe  
  51  4:02  Pylon  
  51  4:05  Probe  
  51  4:07  Probe  
  53  4:15  Gateway  
  53  4:17  Probe  
  53  4:19  Gateway  
  53  4:20  Probe  
  53  4:21  Warp Prism  
  55  4:26  Pylon  
  55  4:29  Probe  
  58  4:36  Templar Archives  
  58  4:44  Zealot x2  
  62  4:47  Charge  
  62  4:52  Pylon  
  62  5:08  Probe x2  
  64  5:14  Nexus  
  64  5:16  Pylon  
  64  5:20  Probe x2  
  66  5:24  High Templar x3  
  66  5:25  High Templar  
  74  5:28  Archon x2  
  74  5:29  Observer  
  74  5:31  Forge  
  74  5:32  Probe x2  
  74  5:34  Pylon  
  77  5:40  Gateway  
  77  5:43  Gateway  
  77  5:44  Probe  
  77  5:45  Probe  
  75  5:58  Immortal  
  75  5:59  Probe x2  
  81  6:05  High Templar x2, Zealot x2  
  81  6:06  Protoss Ground Weapons Level 1  
  81  6:09  Archon, Gateway  
  89  6:13  Gateway  
  89  6:21  Probe x2  
  91  6:27  Pylon  
  91  6:31  Probe  
  91  6:33  Assimilator, Probe x2  
  91  6:39  Assimilator  
  93  6:43  Probe  
  93  6:45  Probe x2  
  93  6:47  Pylon  
  96  6:48  Immortal  
  96  6:53  High Templar x2  
  104  6:55  Psionic Storm, Probe  
  104  6:56  Photon Cannon  
  104  6:57  Probe x2  
  104  6:59  Pylon  
  105  7:05  Pylon  
  105  7:07  Probe  
  106  7:09  Probe x2  
  108  7:20  Pylon  
  108  7:25  Photon Cannon  
  108  7:26  Photon Cannon  
  108  7:28  High Templar x2  
  112  7:33  Immortal  
  112  7:35  Photon Cannon  
  112  7:38  Gateway  
  112  7:40  Shield Battery  
  112  7:42  Gateway  
  116  7:50  Photon Cannon  
  116  7:52  Photon Cannon  
  116  7:55  Protoss Ground Weapons Level 2  
  116  7:58  High Templar x2  
  118  8:03  Archon  
  118  8:04  Immortal  
  118  8:05  Nexus  
  120  8:07  Pylon  
  120  8:11  Observer  
  120  8:13  Probe x3  
  120  8:14  Pylon  
  127  8:22  High Templar x2  
  127  8:25  Zealot x4, Probe x3  
  127  8:26  Archon  
  142  8:29  Observer  
  142  8:30  Photon Cannon  
  142  8:31  Pylon  
  142  8:35  Photon Cannon  
  142  8:38  Shield Battery  
  142  8:40  Shield Battery  
  142  8:41  Observer  
  142  8:42  High Templar  
  142  8:43  High Templar  
  142  8:45  Assimilator  
  146  8:49  Assimilator  
  146  8:59  Fleet Beacon  
  146  9:06  Photon Cannon  
  146  9:07  Probe x3  
  146  9:08  Zealot  
  146  9:09  Zealot x4  
  159  9:22  Immortal  
  145  9:27  Zealot x3  
  145  9:30  Zealot x4  
  123  9:46  Zealot x3  
  129  9:53  Sentry, Zealot x5  
  129  9:59  Sentry  
  135  10:11  Sentry  
  135  10:12  Zealot x2  
  135  10:13  Immortal  
  113  10:23  High Templar x3  
  113  10:24  High Templar x4  
  113  10:28  Nexus, Archon, Pylon  
  119  10:29  Archon  
  113  10:41  Protoss Ground Weapons Level 3  
  113  10:44  Pylon  
  113  10:45  High Templar  
  113  10:46  Immortal, High Templar  
  113  10:47  Zealot  
  119  10:51  Shield Battery  
  119  10:52  Shield Battery, Archon  
  119  10:54  Shield Battery  
  119  10:55  Shield Battery  
  119  10:57  Zealot x6  
  131  11:13  Pylon  
  131  11:16  Nexus  
  131  11:17  Pylon  
  111  11:33  Zealot x4  
  111  11:34  Immortal  
  111  11:36  High Templar x4  
  111  11:37  Zealot x2  
  131  11:41  Archon x2  
  131  11:43  Shield Battery  
  131  11:45  Shield Battery  
  135  11:48  Assimilator  
  135  11:54  Assimilator  
  127  12:03  Warp Prism  
  125  12:12  High Templar x2  
  125  12:13  Zealot x7  
  125  12:15  Zealot  
  145  12:19  Archon  
  138  12:35  High Templar x2, Zealot x4  
  149  12:41  Archon  
  132  12:56  Zealot x6  
  144  13:04  Archon  
  144  13:05  Archon  
  126  13:25  Zealot x5  
  126  13:26  Zealot x3  
Tags
 
Add a new tag
Caveats
  • Supply blocks, unpowered buildings, or Contaminate may cause inaccurate times.
  • Supply counts are checked every 10 seconds.